 Dungeon Crawl Stone Soup version 0.31.0-11-ge490571c62 (webtiles) character file.

Game seed: 17885780737148406168

97698 magipi the Thaumaturge (level 16, -11/125 HPs)
             Began as a Gnoll Earth Elementalist on Jan 29, 2024.
             Was a High Priest of Vehumet.
             Hit by a large rock thrown by a cyclops (47 damage)
             ... on level 1 of the Shoals on Jan 30, 2024.
             The game lasted 01:56:08 (25701 turns).

magipi the Thaumaturge (Gnoll Earth Elementalist)  Turns: 25701, Time: 01:56:09

Health: -11/125    AC: 10    Str: 12    XL:     16   Next: 20%
Magic:  6/41       EV: 16    Int: 27    God:    Vehumet [*****.]
Gold:   1901       SH: 11    Dex: 13    Spells: 2/39 levels left

rFire   + . .        a - +7 rapier of Pannic {flame, rPois}
rCold   + . .        g - +0 kite shield
rNeg    . . .        N - +2 robe {rC+ rF+}
rPois   +            Y - +0 mask of the Dragon {Will+ Slay+3 SInv}
rElec   .            q - +0 cloak
rCorr   .            d - +2 pair of gloves {Str+3}
SInv    +            (no boots)
Will    ++...        r - amulet of regeneration
Stlth   +++          y - +6 ring of intelligence
HPRegen 1.20/turn    I - ring of magical power
MPRegen 0.27/turn

%: no passive effects
@: brilliant, very slow
A: fangs 1, strong nose, distributed training
a: Renounce Religion


You were on level 1 of the Shoals.
You worshipped Vehumet.
Vehumet was extremely pleased with you.
You visited 5 branches of the dungeon, and saw 24 of its levels.
You also visited: Gauntlet.

You collected 4011 gold pieces.
You spent 2110 gold pieces at shops.

Inventory:

Hand Weapons
 a - the +7 rapier of Pannic (weapon) {flame, rPois}
   (You found it on level 4 of the Dungeon)

   rPois:     It protects you from poison
 u - a +0 trident of venom
 Z - the +9 hand axe of the Median {freeze, rC+ rN+ rCorr Str+2}
   (You took it off a spriggan on level 5 of the Lair of Beasts)

   Str+2:     It affects your strength (+2).
   rC+:       It protects you from cold.
   rN+:       It protects you from negative energy.
   rCorr:     It protects you from acid and corrosion.
Missiles
 m - 6 javelins
 t - 10 atropa-tipped darts
 z - 18 boomerangs
 S - 5 throwing nets
Armour
 d - a +2 pair of gloves of strength (worn)
 g - a +0 kite shield (worn)
 q - a +0 cloak (worn)
 s - quicksilver dragon scales
 N - a +2 robe of resistance (worn)
 R - a +2 robe of positive energy
 Y - the +0 mask of the Dragon (worn) {Will+ Slay+3 SInv}
   (You acquired it on level 5 of the Lair of Beasts)

   Slay+3:    It affects your accuracy & damage with ranged weapons and melee
   (+3).
   Will+:     It increases your willpower.
   SInv:      It lets you see invisible.
Magical Staves
 v - a staff of cold
Jewellery
 c - a ring of protection from cold
 p - a ring of poison resistance
 r - an amulet of regeneration (around neck)
 y - a +6 ring of intelligence (left hand)
 I - a ring of magical power (right hand)
 U - a ring of wizardry
Wands
 f - a wand of flame (4)
 K - a wand of charming (21)
 L - a wand of polymorph (15)
 M - a wand of mindburst (8)
 V - a wand of iceblast (5)
Scrolls
 e - 3 scrolls of poison
 i - 5 scrolls of fear
 j - a scroll of identify
 o - 9 scrolls of teleportation
 w - 3 scrolls of revelation
 A - a scroll of silence
 F - 2 scrolls of blinking
 O - 2 scrolls of amnesia
 P - 2 scrolls of immolation
 W - 4 scrolls of vulnerability
Potions
 b - a potion of attraction
 h - 6 potions of haste
 k - 4 potions of enlightenment
 l - 9 potions of curing
 n - 3 potions of might
 x - 4 potions of mutation
 C - a potion of invisibility
 G - 3 potions of lignification
 H - 3 potions of resistance
 T - 6 potions of brilliance
Miscellaneous
 X - a box of beasts (inert)


   Skills:
 + Level 11.1 Fighting
 + Level 11.1 Short Blades
 + Level 11.1 Long Blades
 + Level 11.1 Axes
 + Level 11.1 Maces & Flails
 + Level 11.1 Polearms
 + Level 11.1 Staves
 + Level 11.1 Ranged Weapons
 + Level 11.1 Throwing
 + Level 11.1 Armour
 + Level 12.0 Dodging
 + Level 11.8 Stealth
 + Level 11.1 Shields
 + Level 11.1 Unarmed Combat
 + Level 12.1 Spellcasting
 + Level 9.6 Conjurations
 + Level 9.3 Hexes
 + Level 9.3 Summonings
 + Level 9.3 Necromancy
 + Level 9.3 Translocations
 + Level 9.3 Fire Magic
 + Level 9.3 Ice Magic
 + Level 9.3 Air Magic
 + Level 10.8 Earth Magic
 + Level 9.3 Alchemy
 + Level 12.0 Invocations
 + Level 11.1 Evocations
 + Level 10.2 Shapeshifting


You had 2 spell levels left.
You knew the following spells:

 Your Spells              Type           Power      Damage    Failure   Level
a - Sandblast             Erth           100%       2d20      1%          1
b - Blink                 Tloc           100%       N/A       1%          2
f - Fireball              Conj/Fire      39%        3d16      1%          5
k - Borgnjor's Vile Clut  Necr/Erth      41%        N/A       3%          5
s - Stone Arrow           Conj/Erth      100%       3d13      1%          3
u - Dispel Undead         Necr           79%        3d26      1%          4
w - Passwall              Erth           85%        N/A       1%          3
B - Brom's Barrelling Bo  Conj/Erth      82%        2d9       1%          4
F - Flame Wave            Conj/Fire      79%        2d17      1%          4
I - Bombard               Conj/Erth      41%        9d7       5%          6

Your spell library contained the following spells:

 Spells                   Type           Power      Damage    Failure   Level
 Plasma Beam              Fire/Air       39%        2x1d53    8%          6
 Shock                    Conj/Air       100%       1d9       1%          1
 Cigotuvi's Dreadful Rot  Necr/Alch/Air  100%       N/A       1%          2
 Jinxbite                 Hex            100%       N/A       1%          2
 Lesser Beckoning         Tloc           100%       N/A       1%          2
 Momentum Strike          Conj/Tloc      100%       3d10      1%          2
 Scorch                   Fire           100%       2d9       1%          2
 Sublimation of Blood     Necr           79%        N/A       1%          2
 Fugue of the Fallen      Necr           79%        N/A       1%          3
 Gell's Gravitas          Tloc           79%        N/A       1%          3
 Inner Flame              Hex/Fire       79%        N/A       1%          3
 Swiftness                Air            79%        N/A       1%          3
 Teleport Other           Tloc           79%        N/A       1%          3
 Vampiric Draining        Necr           79%        2d11      1%          3
 Airstrike                Air            39%        2d(6-22)  1%          4
 Cause Fear               Hex            39%        N/A       1%          4
 Martyr's Knell           Necr/Summ      79%        N/A       1%          4
 Petrify                  Alch/Erth      82%        N/A       1%          4
 Irradiate                Conj/Alch      39%        3d24      1%          5
 Yara's Violent Unravell  Hex/Alch       39%        3d16      1%          5
 Alistair's Intoxication  Alch           52%        N/A       4%          5
 Eringya's Noxious Bog    Alch           39%        4d6       8%          6
 Death Channel            Necr           39%        N/A       28%         6
 Dispersal                Tloc           39%        N/A       28%         6
 Summon Cactus Giant      Summ           39%        N/A       28%         6
 Enfeeble                 Hex            39%        N/A       83%         7
 Infestation              Necr           39%        N/A       100%        8
 Death's Door             Necr           39%        N/A       100%        9
 Dragon's Call            Summ           39%        N/A       100%        9
 Fire Storm               Conj/Fire      39%        8d10      100%        9


Dungeon Overview and Level Annotations

Branches:
Dungeon (15/15)            Temple (1/1) D:6            Lair (5/5) D:9
 Shoals (1/4) Lair:3       Spider (0/4) Lair:2        Slime (0/5) Lair:5
    Orc (2/2) D:12            Elf (0/3) Orc:2        Vaults (0/5) D:14
 Depths (0/4) D:15        Gauntlet (visited)

Altars:
Ashenzari
Cheibriados
Dithmenos
Elyvilon
Fedhas
Gozag
Hepliaklqana
Kikubaaqudgha
Makhleb
Nemelex Xobeh
Okawaru
Qazlal
Ru
Sif Muna
Trog
Uskayaw
Vehumet
Wu Jian
Xom
Yredelemnul
Zin
The Shining One
Lugonu

Shops:
D:9 ([*   D:15 *   Orc:2 **?:

Portals:
Abyss: Lair:5

Annotations:
D:13 exclusions: downstairs and upstairs
D:15 3 runed translucent doors, exclusion: obsidian statue, Vorhees's ghost, adept DjCj
Shoals:1 Mlioglotl


Innate Abilities, Weirdness & Mutations

You have very sharp teeth.
Your uncanny sense of smell can sniff out nearby items.
Your experience applies equally to all skills.


Message History

The wind drake is engulfed in a cloud of scalding steam.
Unknown command.
Casting: Fireball (mildly dangerous; 1% risk of failure)
Confirm with . or Enter, or press ? or * to list all spells.
You don't have enough magic to cast this spell.
Unknown command.
Unknown command.
Unknown command.
Unknown command.
Casting: Fireball (mildly dangerous; 1% risk of failure)
Confirm with . or Enter, or press ? or * to list all spells.
You don't have enough magic to cast this spell.
Unknown command.
Unknown command.
Unknown command.
Okay, then.
Unknown command.
Unknown command.
Unknown command.
Aiming: Iceblast
Press: ? - help, Shift-Dir - straight line, f/p - wind drake
Aim: a wind drake (almost dead, repelling missiles)
The mass of ice explodes!
The iceblast engulfs the wind drake!!
You kill the wind drake!
Vehumet accepts your kill.
You feel your power returning.
Unknown command.
Unknown command.
You feel better.
The cyclops throws a large rock.
The large rock barely misses you.
Unknown command.
Unknown command.
Unknown command.
You open the lid... ...and a mature stingox beast leaps out!
The box is emptied!
Unknown command.
Unknown command.
The cyclops throws a large rock.
The large rock hits you!!!
You die...

################
≈≈≈≈≈≈≈≈≈≈≈≈≈≈≈≈
≈≈≈≈≈≈≈≈≈≈≈≈≈≈≈≈
≈≈≈≈≈≈≈≈≈≈≈≈≈≈≈≈
≈≈~~~~≈≈≈≈≈≈≈≈≈≈
≈~~~~~~~~~~≈≈≈≈≈
~~~~~~~~@~~≈≈≈≈≈
~~~~~)~~~~~≈≈≈≈≈
~C~~..)~H~~≈≈≈≈≈
~~~..§§§~~~≈≈≈≈≈
~~~~~§~~§~~≈≈≈≈≈
~~~~~§§~~~~≈≈~~~
≈≈~~~...§~~~~~~~
~~~~....~~~~~~~~


You could see a cyclops (ally target) and a friendly mature stingox beast
(summoned).

Vanquished Creatures
  Snorg (D:12)
  A merfolk impaler (Shoals:1)
  An ettin (Orc:1)
  2 rakshasas (D:15)
  An entropy weaver (shapeshifter) (D:13)
  An entropy weaver (Gauntlet)
  4 hydras
  Harold (D:11)
  2 catoblepae
  3 centaur warriors
  A boulder beetle (D:11)
  11 death yaks
  4 two-headed ogres
  An occultist (D:15)
  3 thrashing horrors (Lair:5)
  4 orc high priests (Orc:2)
  A fire crab (D:9)
  A soul eater (Gauntlet)
  Nergalle (Lair:1)
  3 skysharks
  2 sixfirhies (Gauntlet)
  An orb spider (Lair:2)
  Pikel (D:5)
  A necromancer (D:15)
  5 orc knights (Orc:2)
  A wolf spider zombie (D:15)
  3 harpies (Shoals:1)
  3 ugly things
  A deep elf zephyrmancer (D:15)
  A deep elf pyromancer (D:14)
  A wolf spider (Gauntlet)
  4 orc sorcerers (Orc:2)
  Maurice (D:8)
  4 cyclopes
  4 manticores
  A large abomination (Lair:5)
  2 merfolk sirens (Shoals:1)
  13 elephants
  Joseph (D:10)
  3 torpor snails
  A water nymph (Shoals:1)
  4 black mambas
  2 gargoyles
  A smoke demon (Lair:5)
  9 cane toads
  5 molten gargoyles (D:13)
  A cane toad (shapeshifter) (D:14)
  9 komodo dragons
  3 unseen horrors
  2 ice devils (D:13)
  3 rime drakes (Lair:4)
  A tengu conjurer (D:15)
  A freezing wraith (D:15)
  6 merfolk (Shoals:1)
  A polar bear (Lair:4)
  Prince Ribbit (D:5)
  4 trolls
  Grinder (D:5)
  A polar bear (shapeshifter) (Lair:5)
  3 wind drakes (Shoals:1)
  A raiju (shapeshifter) (D:15)
  A raiju (Lair:5)
  35 blink frogs
  A dream sheep (shapeshifter) (D:14)
  11 dream sheep
  18 slime creatures
  2 centaur simulacra (D:15)
  A jumping spider (Gauntlet)
  6 wyverns
  A ynoxinul (Lair:5)
  A spriggan (Lair:5)
  A wraith (D:10)
  8 basilisks
  A basilisk (shapeshifter) (D:14)
  2 steam dragons
  41 yaks
  4 fire elementals
  A chaos spawn (Lair:5)
  3 wargs
  A naga (shapeshifter) (Lair:5)
  An acid dragon (D:9)
  10 small abominations (Lair:5)
  17 water moccasins
  A hornet zombie (D:15)
  An ice beast (D:5)
  3 black bears
  2 laughing skulls (D:13)
  12 orc warriors
  4 ogres
  7 wolves
  6 centaurs
  2 phantoms
  3 kobold brigands
  13 bullfrogs
  A gnoll sergeant (D:9)
  A scorpion (shapeshifter) (Lair:5)
  A scorpion (D:4)
  8 wights
  3 howler monkeys
  11 electric eels
  6 lava snakes
  4 bombardier beetles
  2 hounds
  A jelly (D:5)
  17 orc priests
  2 gnoll boudas
  3 sleepcaps
  Jessica (D:2)
  8 hell rats (Lair:1)
  7 iguanas
  17 orc wizards
  13 gnolls
  9 adders
  15 river rats (Lair:1)
  3 shadow imps (Gauntlet)
  A white imp (D:8)
  2 ufetubi (D:6)
  3 ribbon worms (D:2)
  3 dart slugs
  75 orcs
  7 ball pythons
  7 endoplasms
  4 giant cockroaches
  5 goblins
  7 hobgoblins
  8 jackals
  9 quokkas
  5 bats
  3 frilled lizards
  25 kobolds
  17 rats
  A spectral orc (D:6)
696 creatures vanquished.

Vanquished Creatures (collateral kills)
  A minotaur (Gauntlet)
  An orc knight (Orc:2)
  An orc sorcerer (Orc:2)
  A warg (Orc:2)
  5 orc warriors (Orc:2)
  An orc priest (Orc:2)
  2 orcs (Orc:2)
  12 boulders
24 creatures vanquished.

Vanquished Creatures (others)
  An orc (Orc:2)
  16 boulders
17 creatures vanquished.

Grand Total: 737 creatures vanquished

Notes
Turn   | Place    | Note
-------+----------+-------------------------------------------
     0 | D:1      | magipi the Gnoll Earth Elementalist began the quest for the
                  | Orb.
     0 | D:1      | Reached XP level 1. HP: 13/13 MP: 6/6
   151 | D:1      | Reached XP level 2. HP: 20/20 MP: 5/7
   633 | D:2      | Noticed Jessica
   634 | D:2      | Killed Jessica
   635 | D:2      | Reached skill level 1 in Fighting
   635 | D:2      | Reached skill level 1 in Short Blades
   635 | D:2      | Reached skill level 1 in Long Blades
   635 | D:2      | Reached skill level 1 in Axes
   635 | D:2      | Reached skill level 1 in Maces & Flails
   635 | D:2      | Reached skill level 1 in Polearms
   635 | D:2      | Reached skill level 1 in Staves
   635 | D:2      | Reached skill level 1 in Ranged Weapons
   635 | D:2      | Reached skill level 1 in Throwing
   635 | D:2      | Reached skill level 1 in Armour
   635 | D:2      | Reached skill level 1 in Shields
   635 | D:2      | Reached skill level 1 in Unarmed Combat
   635 | D:2      | Reached skill level 5 in Spellcasting
   635 | D:2      | Reached skill level 1 in Invocations
   635 | D:2      | Reached skill level 1 in Evocations
   635 | D:2      | Reached XP level 3. HP: 26/26 MP: 6/9
   639 | D:2      | Learned a level 3 spell: Passwall
   643 | D:2      | Learned a level 3 spell: Stone Arrow
   989 | D:2      | Reached skill level 1 in Shapeshifting
   989 | D:2      | Reached XP level 4. HP: 32/32 MP: 9/11
  1207 | D:2      | Reached skill level 1 in Hexes
  1207 | D:2      | Reached skill level 1 in Summonings
  1207 | D:2      | Reached skill level 1 in Necromancy
  1207 | D:2      | Reached skill level 1 in Translocations
  1207 | D:2      | Reached skill level 1 in Fire Magic
  1207 | D:2      | Reached skill level 1 in Ice Magic
  1207 | D:2      | Reached skill level 1 in Air Magic
  1207 | D:2      | Reached skill level 1 in Alchemy
  1755 | D:3      | Noticed a black bear
  1774 | D:3      | Killed a black bear
  1775 | D:3      | Reached XP level 5. HP: 37/38 MP: 5/12
  1839 | D:3      | Reached XP level 6. HP: 44/44 MP: 9/14
  2249 | D:3      | Found an ancient bone altar of Kikubaaqudgha.
  2273 | D:3      | Reached skill level 5 in Dodging
  2833 | D:4      | Reached XP level 7. HP: 50/50 MP: 13/15
  3127 | D:4      | Identified the +7 rapier of Pannic {flame, rPois}
  3436 | D:4      | Found a shadowy altar of Dithmenos.
  3439 | D:4      | Found a sacrificial altar of Ru.
  3446 | D:4      | Found a hide-covered altar of Uskayaw.
  3569 | D:5      | Entered Level 5 of the Dungeon
  3588 | D:5      | Noticed Prince Ribbit
  3588 | D:5      | Noticed Pikel
  3596 | D:5      | Killed Prince Ribbit
  3597 | D:5      | Reached skill level 5 in Stealth
  3714 | D:5      | Reached XP level 8. HP: 54/58 MP: 10/16
  3736 | D:5      | Learned a level 4 spell: Brom's Barrelling Boulder
  3780 | D:5      | Killed Pikel
  3931 | D:5      | Noticed Grinder
  3941 | D:5      | Killed Grinder
  3942 | D:5      | Reached XP level 9. HP: 54/65 MP: 7/18
  4312 | D:6      | Identified the +0 scale mail "Ackoq" {Harm rCorr}
  4691 | D:6      | Found a staircase to the Ecumenical Temple.
  4717 | Temple   | Entered the Ecumenical Temple
  4769 | Temple   | Became a worshipper of Vehumet
  5134 | D:6      | Found a hazy altar of Hepliaklqana.
  5240 | D:7      | Reached skill level 5 in Invocations
  5525 | D:7      | Found a blossoming altar of Fedhas.
  6099 | D:8      | Noticed Maurice
  6111 | D:8      | Killed Maurice
  6112 | D:8      | Reached skill level 5 in Fighting
  6112 | D:8      | Reached skill level 5 in Short Blades
  6112 | D:8      | Reached skill level 5 in Long Blades
  6112 | D:8      | Reached skill level 5 in Axes
  6112 | D:8      | Reached skill level 5 in Maces & Flails
  6112 | D:8      | Reached skill level 5 in Polearms
  6112 | D:8      | Reached skill level 5 in Staves
  6112 | D:8      | Reached skill level 5 in Ranged Weapons
  6112 | D:8      | Reached skill level 5 in Throwing
  6112 | D:8      | Reached skill level 5 in Armour
  6112 | D:8      | Reached skill level 5 in Shields
  6112 | D:8      | Reached skill level 5 in Unarmed Combat
  6112 | D:8      | Reached skill level 5 in Evocations
  6112 | D:8      | Reached XP level 10. HP: 74/74 MP: 0/20
  6321 | D:8      | Reached * piety under Vehumet
  6321 | D:8      | Offered knowledge of Foxfire by Vehumet.
  6921 | D:9      | Noticed a fire crab
  6949 | D:9      | Found a staircase to the Lair.
  6978 | D:9      | Killed a fire crab
  6979 | D:9      | Reached skill level 5 in Conjurations
  6979 | D:9      | Reached skill level 5 in Shapeshifting
  7649 | D:9      | Noticed a two-headed ogre
  7675 | D:9      | Killed a two-headed ogre
  7675 | D:9      | Offered knowledge of Searing Ray by Vehumet.
  7688 | D:9      | Learned a level 2 spell: Blink
  7801 | D:9      | Found a glowing silver altar of Zin.
  7802 | D:9      | Noticed an angel
  7811 | D:9      | Found Kufawn's Antique Armour Shop.
  7813 | D:9      | Found Zyallor's Weapon Boutique.
  7815 | D:9      | Found Sikhlif's Assorted Antiques.
  7893 | D:9      | Bought a scroll of identify for 64 gold pieces
  7900 | D:9      | Bought a glowing robe for 85 gold pieces
  7915 | D:9      | Bought a pair of embroidered gloves for 172 gold pieces
  8114 | D:10     | Entered Level 10 of the Dungeon
  8125 | D:10     | Reached ** piety under Vehumet
  8421 | D:10     | Found a sparkling altar of Nemelex Xobeh.
  8485 | D:10     | Noticed Joseph
  8498 | D:10     | Killed Joseph
  8499 | D:10     | Reached skill level 5 in Hexes
  8499 | D:10     | Reached skill level 5 in Summonings
  8499 | D:10     | Reached skill level 5 in Necromancy
  8499 | D:10     | Reached skill level 5 in Translocations
  8499 | D:10     | Reached skill level 5 in Fire Magic
  8499 | D:10     | Reached skill level 5 in Ice Magic
  8499 | D:10     | Reached skill level 5 in Air Magic
  8499 | D:10     | Reached skill level 5 in Alchemy
  8499 | D:10     | Reached XP level 11. HP: 76/81 MP: 5/23
  8756 | D:10     | Learned a level 4 spell: Flame Wave
  8818 | D:10     | Found a white marble altar of Elyvilon.
  9189 | D:11     | Noticed a two-headed ogre
  9201 | D:11     | Killed a two-headed ogre
  9314 | D:11     | Noticed a two-headed ogre
  9321 | D:11     | Killed a two-headed ogre
  9362 | D:11     | Noticed a boulder beetle
  9374 | D:11     | Killed a boulder beetle
  9377 | D:11     | Noticed Harold
  9384 | D:11     | Killed Harold
 10238 | D:12     | Noticed Snorg
 10266 | D:12     | Killed Snorg
 10321 | D:12     | You fall into a shaft and drop 2 floors!
 10430 | D:14     | Found a blossoming altar of Fedhas.
 10470 | D:14     | Noticed a five-headed hydra
 10498 | D:14     | Killed a five-headed hydra
 10505 | D:14     | Noticed a centaur warrior
 10515 | D:14     | Killed a centaur warrior
 10655 | D:14     | Noticed a cyclops
 10659 | D:14     | Killed a cyclops
 10699 | D:13     | Noticed a cyclops
 10699 | D:13     | Noticed a centaur warrior
 10699 | D:13     | Noticed a centaur warrior
 10762 | D:12     | Reached XP level 12. HP: 91/91 MP: 24/24
 10782 | D:12     | Got Isigis's Elucidation of the Hot Mausoleum
 10812 | D:12     | Offered knowledge of Hailstorm by Vehumet.
 10995 | D:12     | Reached *** piety under Vehumet
 11021 | D:12     | Found a staircase to the Orcish Mines.
 11091 | D:12     | Offered knowledge of Sticky Flame by Vehumet.
 11685 | D:13     | Noticed a two-headed ogre
 11688 | D:13     | Killed a two-headed ogre
 12353 | D:13     | Noticed an entropy weaver
 12360 | D:13     | Killed an entropy weaver
 13159 | Lair:1   | Entered Level 1 of the Lair of Beasts
 13178 | Lair:1   | Reached **** piety under Vehumet
 13213 | Lair:1   | Learned a level 5 spell: Fireball
 13367 | Lair:1   | Reached XP level 13. HP: 98/98 MP: 21/26
 13403 | Lair:1   | Noticed Nergalle
 13419 | Lair:1   | Killed Nergalle
 13652 | Lair:1   | Offered knowledge of Volatile Blastmotes by Vehumet.
 14279 | Lair:1   | Reached ***** piety under Vehumet
 14507 | Lair:2   | Offered knowledge of Iskenderun's Mystic Blast by Vehumet.
 14563 | Lair:2   | Found a hole to the Spider Nest.
 14885 | Lair:2   | Reached skill level 10 in Spellcasting
 15152 | Lair:2   | Reached skill level 10 in Dodging
 15916 | Lair:3   | Reached skill level 10 in Stealth
 16023 | Lair:3   | Learned a level 4 spell: Dispel Undead
 16285 | Lair:3   | Reached XP level 14. HP: 108/108 MP: 24/28
 16286 | Lair:3   | Reached skill level 10 in Invocations
 16359 | Lair:3   | Found a staircase to the Shoals.
 17485 | Lair:5   | Entered Level 5 of the Lair of Beasts
 17488 | Lair:5   | Offered knowledge of Ozocubu's Refrigeration by Vehumet.
 18366 | Lair:5   | Reached skill level 10 in Earth Magic
 18426 | Lair:5   | Reached skill level 10 in Fighting
 18426 | Lair:5   | Reached skill level 10 in Short Blades
 18426 | Lair:5   | Reached skill level 10 in Long Blades
 18426 | Lair:5   | Reached skill level 10 in Axes
 18426 | Lair:5   | Reached skill level 10 in Maces & Flails
 18426 | Lair:5   | Reached skill level 10 in Polearms
 18426 | Lair:5   | Reached skill level 10 in Staves
 18426 | Lair:5   | Reached skill level 10 in Ranged Weapons
 18426 | Lair:5   | Reached skill level 10 in Throwing
 18426 | Lair:5   | Reached skill level 10 in Armour
 18426 | Lair:5   | Reached skill level 10 in Shields
 18426 | Lair:5   | Reached skill level 10 in Unarmed Combat
 18426 | Lair:5   | Reached skill level 10 in Evocations
 18565 | Lair:5   | Got Sif Muna's Discourse on Fetching Exhumation
 18571 | Lair:5   | Found a staircase to the Slime Pits.
 19046 | Lair:5   | Reached XP level 15. HP: 115/115 MP: 28/30
 19605 | Lair:5   | Identified the +9 hand axe of the Median {freeze, rC+ rN+
                  | rCorr Str+2}
 19808 | Lair:5   | Identified a scroll of acquirement
 19852 | Lair:5   | Found a corrupted altar of Lugonu.
 20172 | Lair:5   | Found a one-way gate to the infinite horrors of the Abyss.
 20346 | Lair:5   | Identified the +1 scale mail of Inference {Regen+ Str+3
                  | Dex+4}
 20403 | Lair:5   | Acquired the +0 mask of the Dragon {Will+ Slay+3 SInv}
 20403 | Lair:5   | Found the +0 mask of the Dragon {Will+ Slay+3 SInv}
 20407 | Lair:5   | Acquired 1207 gold pieces
 20597 | Orc:1    | Entered Level 1 of the Orcish Mines
 20777 | Orc:2    | Entered Level 2 of the Orcish Mines
 20813 | Orc:2    | Offered knowledge of Bombard by Vehumet.
 20934 | Orc:2    | Found a staircase to the Elven Halls.
 21713 | Orc:2    | Learned a level 6 spell: Bombard
 22649 | Orc:2    | Found Boahykk's Magic Scroll Boutique.
 22649 | Orc:2    | Found Gamaytz's Book Emporium.
 22652 | Orc:2    | Found Fuotid's General Store.
 22652 | Orc:2    | Found Saib's General Store.
 22663 | Orc:2    | Bought a scroll of torment for 123 gold pieces
 22663 | Orc:2    | Bought a scroll of amnesia for 52 gold pieces
 22667 | Orc:2    | Bought a scroll of acquirement for 832 gold pieces
 22669 | Orc:2    | Bought a scroll of identify for 32 gold pieces
 22669 | Orc:2    | Bought a scroll of identify for 32 gold pieces
 22682 | Orc:2    | Acquired 629 gold pieces
 22691 | Orc:2    | Bought a scroll of teleportation for 48 gold pieces
 22691 | Orc:2    | Bought a scroll of teleportation for 48 gold pieces
 22694 | Orc:2    | Bought a scroll of fear for 48 gold pieces
 22694 | Orc:2    | Bought 2 potions of heal wounds for 120 gold pieces
 22694 | Orc:2    | Bought a scroll of teleportation for 36 gold pieces
 22712 | Orc:2    | Bought Great Wizards, Vol. II for 418 gold pieces
 22718 | Orc:2    | Learned a level 5 spell: Borgnjor's Vile Clutch
 23055 | D:14     | Found a gate to the Vaults.
 23514 | D:15     | Entered Level 15 of the Dungeon
 23533 | D:15     | Found a gate leading to a gauntlet.
 23551 | Gauntlet | Entered a Gauntlet
 23551 | Gauntlet | Found a transporter.
 23551 | Gauntlet | Found a transporter.
 23567 | Gauntlet | Found a transporter.
 23571 | Gauntlet | Found a transporter.
 23584 | Gauntlet | Found a transporter.
 23588 | Gauntlet | Found a transporter.
 23600 | Gauntlet | Found a transporter.
 23619 | Gauntlet | Found a transporter.
 23622 | Gauntlet | Found a transporter.
 23626 | Gauntlet | Found a transporter.
 23636 | Gauntlet | Found a transporter.
 23640 | Gauntlet | Found a transporter.
 23950 | Gauntlet | Offered knowledge of Plasma Beam by Vehumet.
 23991 | Gauntlet | Identified the +2 pair of gloves "Kogin" {Rampage Dex-3
                  | SInv}
 24096 | Gauntlet | Identified the amulet "Lafitef" {Faith rElec rF- Str+8
                  | Slay-6}
 24175 | D:15     | Found a runed translucent gate.
 24175 | D:15     | Found a runed translucent gate.
 24176 | D:15     | Found a runed translucent gate.
 24398 | D:15     | Noticed a storm dragon
 24399 | D:15     | Found an opulent altar of Gozag.
 24399 | D:15     | Found Pealiy's Assorted Antiques.
 24399 | D:15     | Noticed Vorhees's ghost (adept DjCj)
 24886 | D:15     | Reached skill level 10 in Shapeshifting
 24943 | D:15     | Reached XP level 16. HP: 69/122 MP: 16/32
 25045 | D:15     | Found a staircase to the Depths.
 25589 | Shoals:1 | Entered Level 1 of the Shoals
 25595 | Shoals:1 | Noticed Mlioglotl
 25690 | Shoals:1 | HP: 3/125 [water nymph/the raging water (23)]
 25701 | Shoals:1 | Hit by a large rock thrown by a cyclops

Illustrated notes

Levels and vault maps discovered:
D:1:      evilmike_arrival_crescent, layout_basic
D:2:      minmay_door_path, layout_loops_ring, uniq_jessica
D:3:      layout_loops_ring, kiku_gazebo_garden_becter
D:4:      minmay_wonky_spiral, layout_loops_ring, grunt_temple_overflow_diamond,
          st_stairs_1
D:5:      layout_rooms, corexii_shack, uniq_grinder, uniq_prince_ribbit1,
          uniq_pikel
D:6:      layout_loops_ring, nicolae_hepliaklqana_monster_ancestors,
          minmay_temple_entry_offerings
D:7:      layout_basic, kennysheep_little_box
D:8:      layout_rooms, uniq_maurice
D:9:      layout_basic, zin_angel, minmay_lair_entry_lava,
          nicolae_wooded_promenade, hangedman_glass_teeth
D:10:     layout_basic, mainiacjoe_overflow_brackets,
          mainiacjoe_overflow_alcove_1, uniq_joseph
D:11:     layout_loops_ring, uniq_harold
D:12:     layout_roguey, hiddenorc2_lemuel, grunt_decor_cap,
          grunt_decor_fettered, uniq_snorg
D:13:     hangedman_arrow_trap, layout_basic, portal_ice_cave_demonic_guard,
          minmay_misc_feat_square, minivault_8
D:14:     layout_long_grid, david_vaults_2, fedhas_altar_3
D:15:     grunt_enter_depths_magical_seal, layout_long_grid,
          gauntlet_entry_generic, ebering_ghost_gozag, minmay_misc_feat_five
Temple:   hellmonk_temple_forest_ring
Lair:1:   lemuel_ratsnest, layout_gridlike, nicolae_lair_liquid_snakes,
          serial_bayou_shore_b, uniq_nergalle
Lair:2:   layout_long_grid, nicolae_spider_entry_orb_guardian
Lair:3:   layout_small_grid, minmay_shoals_entry_centaurs, lemuel_fruit_tree
Lair:4:   layout_cave_pods, nicolae_lair_grove_arrangements,
          nicolae_quartered_pool_medium
Lair:5:   hellmonk_lair_end_abyssal_woods, layout_small_grid, slime_entry_1
Shoals:1: layout_shoals, serial_shops, nicolae_shop_gibbet_a_chance,
          uniq_mlioglotl, uniq_kirke
Orc:1:    layout_caves
Orc:2:    grunt_orc_tribal_feast, layout_diamond_mine, basic_altar

Skill      XL: |  1  2  3  4  5  6  7  8  9 10 11 12 13 14 15 16 |
---------------+-------------------------------------------------+-----
Conjurations   | 2 3 4 5 6 7 8 9 |  9.6
Fighting       | 1 2 3 5 6 7 8 9 10 11 | 11.1
Short Blades   | 1 2 3 5 6 7 8 9 10 11 | 11.1
Long Blades    | 1 2 3 5 6 7 8 9 10 11 | 11.1
Axes           | 1 2 3 5 6 7 8 9 10 11 | 11.1
Maces & Flails | 1 2 3 5 6 7 8 9 10 11 | 11.1
Polearms       | 1 2 3 5 6 7 8 9 10 11 | 11.1
Staves         | 1 2 3 5 6 7 8 9 10 11 | 11.1
Ranged Weapons | 1 2 3 5 6 7 8 9 10 11 | 11.1
Throwing       | 1 2 3 5 6 7 8 9 10 11 | 11.1
Armour         | 1 2 3 5 6 7 8 9 10 11 | 11.1
Shields        | 1 2 3 5 6 7 8 9 10 11 | 11.1
Unarmed Combat | 1 2 3 5 6 7 8 9 10 11 | 11.1
Spellcasting   | 5 6 7 8 9 10 11 12 | 12.1
Invocations    | 1 2 3 4 5 6 7 8 9 10 11 12 | 12.0
Evocations     | 1 2 3 5 6 7 8 9 10 11 | 11.1
Shapeshifting  | 1 2 3 4 5 6 7 8 9 10 | 10.2
Hexes          | 1 2 3 4 5 6 7 8 9 |  9.3
Summonings     | 1 2 3 4 5 6 7 8 9 |  9.3
Necromancy     | 1 2 3 4 5 6 7 8 9 |  9.3
Translocations | 1 2 3 4 5 6 7 8 9 |  9.3
Fire Magic     | 1 2 3 4 5 6 7 8 9 |  9.3
Ice Magic      | 1 2 3 4 5 6 7 8 9 |  9.3
Air Magic      | 1 2 3 4 5 6 7 8 9 |  9.3
Alchemy        | 1 2 3 4 5 6 7 8 9 |  9.3
Dodging        | 5 6 7 8 9 10 11 12 | 12.0
Stealth        | 5 6 7 8 9 10 11 | 11.8
Earth Magic    | 6 7 8 9 10 | 10.8

Action                     |  1- 3 |  4- 6 |  7- 9 | 10-12 | 13-15 | 16-18 || total
---------------------------+-------+-------+-------+-------+-------+-------++-------
  Melee: Dagger            |    11 |       |       |       |       |       ||    11
         Short sword       |     1 |    17 |     1 |       |       |       ||    19
         Punch             |       |     1 |       |     3 |     5 |       ||     9
         Bite              |       |     1 |     1 |    11 |    27 |       ||    40
         Rapier            |       |       |     2 |    68 |   168 |       ||   238
   Cast: Sandblast         |    27 |    92 |    96 |   109 |     5 |     2 ||   331
         Stone Arrow       |       |     1 |    22 |   174 |   159 |       ||   356
         Passwall          |       |     1 |       |       |       |       ||     1
         Brom's Barrelling |       |       |     2 |    25 |     9 |       ||    36
         Flame Wave        |       |       |       |     3 |    71 |     3 ||    77
         Blink             |       |       |       |     1 |       |       ||     1
         Fireball          |       |       |       |       |   157 |    32 ||   189
         Bombard           |       |       |       |       |     6 |     2 ||     8
  Evoke: Wand              |       |       |     1 |    15 |    13 |     1 ||    30
         Box of beasts     |       |       |       |       |     2 |     1 ||     3
    Use: Scroll            |       |       |    13 |    11 |    14 |     2 ||    40
         Potion            |       |       |       |     4 |     2 |     4 ||    10
   Stab: Sleeping          |     1 |     3 |     1 |     2 |     5 |       ||    12
         Distracted        |       |       |       |       |     1 |       ||     1
 Armour: Robe              |    12 |    32 |    28 |   162 |   320 |    42 ||   596
  Dodge: Dodged            |    20 |    31 |    26 |   143 |   280 |    37 ||   537
  Block: Kite shield       |       |       |       |       |   198 |    31 ||   229
